AoeStats
← luisangelesmor

Black Forest

504555486Analyzed
3v3 RM · 28d ago on Sep 5, 2026· 184m 13s· 6 players
Game mode
Random Map
Map size
Normal (6 player)
Population
200
Speed
Normal
Resources
Standard
Victory
Conquest
Starting age
Dark Age
Ending age
Imperial Age
RankedLock teamsTeams togetherTeam positionsShared explorationLock speedFull tech treeHidden civsTurbo modeCheats
Victory
Defeat
🇩🇪 Magyars · Germany
769
+17
🇩🇪 Mongols · Germany
760
+17
🇩🇪 Spanish · Germany
685
+20
🇲🇽 Bohemians · Mexico
831
-20
🇲🇽 Armenians · Mexico
784
-18
🇲🇽 Persians · Mexico
728
-16
DfrancoJ24
1:19 Loom
14:55 Feudal Age
15:25 Horse Collar
15:36 Double-Bit Axe
17:29 Wheelbarrow
24:17 Castle Age
25:02 Heavy Plow
25:16 Bow Saw
26:36 Hand Cart
37:11 Imperial Age
39:01 Coinage
38:33 Caravan
38:45 Guilds
40:56 Banking
42:49 Town Watch
43:28 Forging
43:10 Fletching
43:21 Padded Archer Armor
43:23 Scale Mail Armor
44:51 Conscription
44:43 Gold Mining
44:45 Stone Mining
44:49 Elite Skirmisher
46:09 Iron Casting
45:43 Bodkin Arrow
46:04 Leather Archer Armor
46:14 Pikeman
47:01 Squires
47:22 Chain Mail Armor
48:13 Ballistics
48:55 Chemistry
47:52 Murder Holes
48:12 Bracer
48:57 Ring Archer Armor
48:58 Plate Mail Armor
49:28 Blast Furnace
51:10 Capped Ram
56:10 Siege Ram
58:38 Siege Ram
60:05 Arson
60:02 Elite Composite Bowman
62:16 Halberdier
80:22 Gambesons
96:50 Heavy Scorpion
137:19 Hoardings
137:14 Man-at-Arms
144:30 Long Swordsman
147:09 Two-Handed Swordsman
153:46 Champion
luisangelesmor
0:59 Loom
11:50 Feudal Age
14:07 Double-Bit Axe
18:41 Castle Age
17:03 Horse Collar
18:48 Scale Barding Armor
24:57 Wheelbarrow
25:21 Bloodlines
26:42 Heavy Plow
28:30 Chain Barding Armor
28:55 Bow Saw
28:48 Gold Mining
36:36 Imperial Age
34:24 Hand Cart
34:06 Stone Mining
36:50 Cavalier
38:10 Plate Barding Armor
38:17 Savar
41:02 Heated Shot
41:33 Ballistics
41:54 Elite War Elephant
43:28 Gold Shaft Mining
43:36 Husbandry
48:17 Chemistry
49:13 Citadels
50:48 Caravan
51:19 Coinage
51:00 Guilds
62:39 Banking
67:50 Onager
69:26 Masonry
108:45 Kamandaran
126:27 Hoardings
125:24 Sappers
126:15 Conscription
148:36 Town Watch
164:20 Two-Man Saw
163:52 Crop Rotation
BobbyTarantino
1:22 Loom
11:37 Feudal Age
12:54 Town Watch
13:44 Wheelbarrow
15:01 Double-Bit Axe
15:07 Horse Collar
23:03 Castle Age
24:06 Hand Cart
23:52 Town Patrol
24:43 Bow Saw
32:09 Heavy Plow
38:38 Imperial Age
37:34 Pikeman
38:15 Squires
38:53 Halberdier
40:58 Scale Mail Armor
41:09 Forging
43:32 Two-Man Saw
45:50 Chemistry
46:26 Arson
50:00 Ballistics
49:56 Masonry
50:10 Caravan
54:06 Chain Mail Armor
54:27 Iron Casting
57:47 Plate Mail Armor
58:18 Blast Furnace
60:20 Onager
67:26 Elite Skirmisher
70:12 Houfnice
71:24 Elite Hussite Wagon
76:43 Padded Archer Armor
76:33 Fletching
80:40 Wagenburg Tactics
86:28 Leather Archer Armor
86:08 Bodkin Arrow
94:45 Ring Archer Armor
94:15 Bracer
126:07 Architecture
157:08 Guilds
157:28 Coinage
157:15 Siege Engineers
165:31 Heavy Scorpion
savageCGN
4:37 Loom
12:14 Feudal Age
16:56 Castle Age
15:38 Double-Bit Axe
16:54 Horse Collar
19:39 Wheelbarrow
24:23 Heavy Plow
24:12 Town Watch
26:09 Hand Cart
27:28 Bow Saw
33:22 Imperial Age
31:47 Bloodlines
31:39 Husbandry
32:37 Caravan
33:21 Gold Mining
34:29 Cavalier
36:13 Ballistics
36:03 Scale Barding Armor
35:50 Fletching
36:00 Padded Archer Armor
37:43 Chemistry
38:05 Conscription
37:45 Recurve Bow
37:46 Corvinian Army
38:53 Chain Barding Armor
40:00 Crop Rotation
40:37 Parthian Tactics
40:19 Thumb Ring
42:09 Plate Barding Armor
42:19 Elite Magyar Huszar
43:57 Masonry
43:44 Murder Holes
43:29 Treadmill Crane
43:57 Pikeman
46:43 Two-Man Saw
45:37 Stone Mining
46:26 Hoardings
45:35 Halberdier
46:28 Scale Mail Armor
46:45 Heavy Cavalry Archer
48:39 Chain Mail Armor
48:23 Bodkin Arrow
48:44 Leather Archer Armor
50:12 Siege Engineers
49:49 Treadmill Crane
54:14 Bracer
54:45 Ring Archer Armor
62:07 Ring Archer Armor
63:44 Town Patrol
66:30 Arson
86:00 Elite Skirmisher
137:37 Paladin
153:44 Capped Ram
155:18 Onager
rafa20058
1:19 Loom
12:57 Feudal Age
14:36 Wheelbarrow
15:02 Double-Bit Axe
17:57 Horse Collar
21:30 Castle Age
22:40 Stone Mining
25:51 Heavy Plow
26:07 Bow Saw
26:34 Stone Shaft Mining
26:38 Fortified Wall
30:30 Gold Mining
32:35 Murder Holes
32:51 Masonry
33:03 Ballistics
36:25 Imperial Age
35:47 Forging
35:28 Fletching
37:14 Iron Casting
38:16 Two-Man Saw
37:36 Padded Archer Armor
38:11 Scale Mail Armor
39:17 Blast Furnace
38:51 Scale Barding Armor
38:52 Squires
38:24 Pikeman
39:34 Bodkin Arrow
40:26 Leather Archer Armor
40:53 Chain Mail Armor
40:46 Halberdier
41:03 Elite Skirmisher
41:46 Husbandry
41:48 Fishing Lines
44:20 Hoardings
44:17 Bracer
45:11 Hand Cart
46:04 Plate Mail Armor
46:52 Chain Barding Armor
47:02 Ring Archer Armor
47:30 Town Watch
48:26 Plate Barding Armor
47:17 Cavalier
48:49 Conscription
48:53 Supremacy
49:46 Arrowslits
51:02 Chemistry
60:49 Bombard Tower
60:20 Guard Tower
61:03 Architecture
62:26 Paladin
63:53 Caravan
89:10 Bloodlines
88:21 Light Cavalry
104:09 Hussar
110:06 Gillnets
134:48 Keep
gebratenenudel
8:35 Loom
14:22 Feudal Age
17:27 Horse Collar
23:05 Castle Age
23:24 Wheelbarrow
22:40 Double-Bit Axe
23:46 Heavy Plow
24:43 Bow Saw
25:45 Fishing Lines
27:27 Hand Cart
30:56 Bloodlines
30:48 Husbandry
32:22 Caravan
35:39 Imperial Age
34:42 Scale Barding Armor
34:48 Forging
34:30 Fletching
34:40 Padded Archer Armor
35:56 Chain Barding Armor
36:05 Gold Mining
36:05 Stone Mining
38:26 Iron Casting
37:53 Scale Mail Armor
37:49 Bodkin Arrow
38:11 Leather Archer Armor
37:58 Bodkin Arrow
38:05 Elite Mangudai
39:08 Drill
40:09 Hoardings
40:16 Murder Holes
41:25 Chemistry
40:17 Onager
40:24 Light Cavalry
40:32 Heavy Cavalry Archer
41:37 Parthian Tactics
42:30 Hussar
42:49 Siege Onager
45:41 Bracer
46:42 Blast Furnace
45:44 Scale Mail Armor
46:10 Ballistics
46:02 Fortified Wall
46:04 Masonry
59:44 Gillnets
64:29 Town Watch
66:46 Capped Ram
70:58 Siege Ram
78:37 Cavalier
100:39 Chain Mail Armor
116:34 Siege Engineers
163:35 Elite Steppe Lancer
Connection lost

Rejoining the realm…

Still unreachable

The connection could not be restored.

Session expired

The server has moved on; the page needs a fresh start.